 Dungeon Crawl Stone Soup version 0.22-a0-135-g6f012ad (webtiles) character file.

6979 Azzok the Fighter (level 10, -7/101 HPs)
             Began as a Minotaur Fighter on Jan 31, 2018.
             Was a High Priest of Okawaru.
             Killed by divine providence
             ... invoked by a smoke demon
              (8 damage)
             ... on level 1 of the Abyss.
             The game lasted 00:25:27 (10119 turns).

Azzok the Fighter (Minotaur Fighter)               Turns: 10119, Time: 00:25:27

Health: -7/101     AC: 15    Str: 21    XL:     10   Next: 81%
Magic:  15/15      EV:  5    Int:  8    God:    Okawaru [*****.]
Gold:   270        SH:  9    Dex: 10    Spells: 6/9 levels left

rFire    . . .     SeeInvis +   J - +2 rapier (venom)
rCold    . . .     Gourm    .   c - +0 shield
rNeg     . . .     Faith    .   T - +0 chain mail
rPois    .         Spirit   .   j - +2 hat
rElec    .         Reflect  .   F - +0 cloak
rCorr    .         Harm     .   (no gloves)
MR       .....                  C - +2 pair of boots
Stlth    ..........             (no amulet)
HPRegen  0.26/turn              i - ring of see invisible
MPRegen  0.14/turn              l - ring of flight

@: no status effects
A: retaliatory headbutt, horns 2
a: Heroism, Finesse, Renounce Religion, Evoke Flight


You were on level 1 of the Abyss.
You worshipped Okawaru.
Okawaru was extremely pleased with you.
You were not hungry.

You visited 2 branches of the dungeon, and saw 10 of its levels.
You visited the Abyss 1 time.

You collected 445 gold pieces.
You spent 175 gold pieces at shops.

Inventory:

Hand Weapons
 v - a +1 halberd of flaming
 E - a +3 quarterstaff of chaos
 J - a +2 rapier of venom (weapon)
 V - a +0 shortbow of flaming
Missiles
 k - 185 arrows
Armour
 c - a +0 shield (worn)
 j - a +2 hat (worn)
 C - a +2 pair of boots (worn)
 F - a +0 cloak (worn)
 T - a +0 chain mail (worn)
Magical Staves
 O - an uncursed staff of death {unknown}
 Q - an uncursed staff of wizardry {unknown}
Jewellery
 a - a cursed -3 ring of strength {unknown}
 i - a ring of see invisible (left hand)
 l - a ring of flight (right hand)
Wands
 H - a wand of disintegration (28)
Scrolls
 n - 9 scrolls of remove curse {unknown}
 o - 8 scrolls of identify {unknown}
 p - 2 scrolls of teleportation {unknown}
 r - 3 scrolls of blinking {unknown}
 s - 2 scrolls of immolation {unknown}
 u - 4 scrolls of enchant armour {unknown}
 x - a scroll of noise {unknown}
 L - a scroll of fear {unknown}
 P - a scroll of torment {unknown}
 R - a scroll of magic mapping {unknown}
 U - a scroll of amnesia {unknown}
Potions
 d - 2 potions of might
 e - 2 potions of lignification {unknown}
 h - a potion of invisibility {unknown}
 m - 3 potions of agility {unknown}
 t - 3 potions of heal wounds {unknown}
 w - a potion of curing
 z - a potion of magic {unknown}
 A - 3 potions of haste {unknown}
 B - 6 potions of mutation {unknown}
 D - 3 potions of flight {unknown}
 G - 3 potions of berserk rage {unknown}
 K - 3 potions of degeneration {unknown}
 M - a potion of ambrosia {unknown}
Books
 g - a book of Misfortune

   Spells                             Type                      Level
   a - Confusing Touch                Hexes                        1
   b - Confuse                        Hexes                        3
   c - Gell's Gravitas                Translocation                3
   d - Petrify                        Transmutation/Earth          4
   e - Metabolic Englaciation         Hexes/Ice                    5
   f - Yara's Violent Unravelling     Hexes/Transmutation          5
 y - a book of Callings

   Spells                             Type                      Level
   a - Summon Small Mammal            Summoning                    1
   b - Call Imp                       Summoning                    2
   c - Call Canine Familiar           Summoning                    3
   d - Summon Guardian Golem          Hexes/Summoning              3
   e - Summon Lightning Spire         Summoning/Air                4
   f - Summon Ice Beast               Ice/Summoning                4
 S - a book of the Warp

   Spells                             Type                      Level
   a - Gell's Gravitas                Translocation                3
   b - Portal Projectile              Hexes/Translocation          3
   c - Force Lance                    Conjuration/Translocation    4
   d - Dispersal                      Translocation                6
   e - Controlled Blink               Translocation                8
   f - Disjunction                    Translocation                8
Comestibles
 f - 19 rations


   Skills:
 - Level 13.1 Fighting
   Level 2.4 Long Blades
 + Level 10.2 Bows
 - Level 3.6 Armour
 - Level 3.6 Shields
 + Level 8.3 Invocations


You had 6 spell levels left.
You knew the following spells:

 Your Spells              Type           Power        Failure   Level  Hunger
a - Portal Projectile     Hex/Tloc       #.....       100%        3    ####...


Dungeon Overview and Level Annotations

Branches:
Dungeon (9/15)             Temple (1/1) D:6            Lair (0/6) D:9
    Orc: D:9-12

Altars:
Ashenzari
Cheibriados
Dithmenos
Elyvilon
Fedhas
Gozag
Hepliaklqana
Kikubaaqudgha
Makhleb
Nemelex Xobeh
Okawaru
Qazlal
Ru
Sif Muna
Trog
Uskayaw
Vehumet
Wu Jian
Xom
Yredelemnul
Zin
The Shining One

Shops:
D:5 (


Innate Abilities, Weirdness & Mutations

You reflexively headbutt those who attack you in melee.
You have a pair of horns on your head.


Message History

* * * LOW HITPOINT WARNING * * *
You block the smoke demon's attack.
The smoke demon hits you but does no damage.
You block the smoke demon's attack.
Unknown command.
There are monsters nearby!
There are monsters nearby!
There are monsters nearby!
You hit the smoke demon but do no damage.
The smoke demon hits you but does no damage.
You block the smoke demon's attack. x2
The white imp shouts, "Crawl home, thou bawdy weeb-spouting guttersnipe!"
The white imp hits you.
* * * LOW HITPOINT WARNING * * *
The white imp freezes you.
* * * LOW HITPOINT WARNING * * *
You hit the smoke demon but do no damage.
The smoke demon gestures at you. Something smites you!
You die...

x▒ · ···
▒·▒ · · ·
·· ···▒ ▒
· ·▒ ▒ ▒
▒
▒··▒▒▒·▒
▒▒▒··▒ ▒
▒▒·▒▒·▒▒▒
·
▒··▒·▒·▒
·
▒▒·@▒···▒
▒▒53x▒▒▒▒
▒▒2···▒ ▒
▒·3▒·▒▒ ▒
▒···▒▒▒▒
▒ ▒·▒··
·· ▒·· ▒
··▒ ·▒


You could see a balrug, a sun demon, a smoke demon, a small abomination and a
white imp.

Vanquished Creatures
  Pikel (D:8)
  Joseph (D:8)
  The ghost of KristoblXynda the Ruffian, a novice DrTm of Gozag (D:5)
  A komodo dragon (D:9)
  A troll (D:9)
  Grinder (D:4)
  2 hippogriffs
  A wyvern (D:9)
  Eustachio (D:6)
  A human (D:8)
  4 hogs (D:8)
  A chaos spawn (Abyss:1)
  A hungry ghost (D:9)
  A steam dragon (D:8)
  Duvessa (D:6)
  An orc warrior (D:7)
  A black bear (D:9)
  An ice beast (D:9)
  4 phantoms
  3 ogres
  5 centaurs
  A crocodile (D:8)
  Blork the orc (D:4)
  5 bullfrogs
  Dowan (D:6)
  2 scorpions
  6 killer bees (D:7)
  A crimson imp (D:9)
  2 bullfrog skeletons
  3 orc priests
  2 hounds
  2 jellies
  2 quasits
  2 centaur skeletons
  6 orc wizards
  Crazy Yiuf (D:4)
  Ijyb (D:4)
  3 iguanas
  6 worker ants
  A small abomination (Abyss:1)
  3 hound skeletons
  A worker ant zombie (D:7)
  Robin (D:4)
  10 gnolls
  8 adders
  A shadow imp (D:6)
  An adder zombie (D:9)
  3 worms
  2 dart slugs (D:1)
  10 leopard geckos
  27 orcs
  8 bats
  8 giant cockroaches
  20 goblins
  6 hobgoblins
  5 jackals
  8 kobolds
  3 quokkas
  4 ball pythons
  3 frilled lizards
  7 rats
221 creatures vanquished.

Vanquished Creatures (others)
  A quokka (D:8)
  5 plants (D:9)
6 creatures vanquished.

Grand Total: 227 creatures vanquished

Notes
Turn   | Place    | Note
-------+----------+-------------------------------------------
     0 | D:1      | Azzok the Minotaur Fighter began the quest for the Orb.
     0 | D:1      | Reached XP level 1. HP: 19/19 MP: 0/0
    40 | D:1      | Reached skill level 4 in Fighting
   102 | D:1      | Reached XP level 2. HP: 28/28 MP: 1/1
   479 | D:1      | Reached skill level 5 in Fighting
   549 | D:1      | Reached XP level 3. HP: 36/36 MP: 2/2
   903 | D:2      | Found a faded altar of an unknown god.
  1545 | D:2      | Reached skill level 6 in Fighting
  1545 | D:2      | Reached XP level 4. HP: 15/44 MP: 3/3
  1749 | D:2      | Found an iron altar of Okawaru.
  1769 | D:2      | Became a worshipper of Warmaster Okawaru
  2385 | D:3      | Reached XP level 5. HP: 51/51 MP: 4/4
  2436 | D:3      | Reached skill level 7 in Fighting
  2844 | D:3      | You fall through a shaft for 3 floors!
  2851 | D:6      | Found a hazy altar of Hepliaklqana.
  2861 | D:6      | Noticed Eustachio
  2867 | D:5      | Entered Level 5 of the Dungeon
  2911 | D:4      | Reached skill level 8 in Fighting
  3224 | D:4      | Reached XP level 6. HP: 53/61 MP: 5/5
  3383 | D:4      | Reached * piety under Okawaru
  3448 | D:4      | Noticed Blork the orc
  3461 | D:4      | Killed Blork the orc
  3461 | D:4      | Reached skill level 9 in Fighting
  3480 | D:4      | Found a runed door.
  3484 | D:4      | Noticed Crazy Yiuf
  3492 | D:4      | Killed Crazy Yiuf
  3522 | D:4      | Noticed Robin
  3572 | D:4      | Killed Robin
  3745 | D:4      | Noticed Ijyb
  3760 | D:4      | Killed Ijyb
  3760 | D:4      | Reached XP level 7. HP: 48/70 MP: 6/6
  3869 | D:4      | Noticed Grinder
  3888 | D:4      | Killed Grinder
  3888 | D:4      | Reached skill level 10 in Fighting
  4238 | D:4      | Reached ** piety under Okawaru
  4238 | D:4      | Reached skill level 11 in Fighting
  4528 | D:5      | Found Zuleih's Antique Weapon Shoppe.
  4536 | D:5      | Bought a glowing rapier for 175 gold pieces
  4565 | D:5      | Noticed KristoblXynda's ghost (novice DrTm)
  4583 | D:5      | Killed KristoblXynda's ghost
  4583 | D:5      | Reached skill level 12 in Fighting
  4583 | D:5      | Reached XP level 8. HP: 76/83 MP: 5/7
  4733 | D:5      | Reached *** piety under Okawaru
  4920 | D:5      | Reached skill level 13 in Fighting
  5073 | D:5      | Reached skill level 1 in Bows
  5101 | D:6      | Killed Eustachio
  5138 | D:6      | Found a staircase to the Ecumenical Temple.
  5138 | D:6      | Noticed Duvessa
  5139 | D:6      | Noticed Dowan
  5154 | D:6      | Killed Duvessa
  5157 | D:6      | Killed Dowan
  5157 | D:6      | Reached XP level 9. HP: 62/93 MP: 8/8
  5174 | Temple   | Entered the Ecumenical Temple
  5441 | D:6      | Found an iron altar of Okawaru.
  5527 | D:6      | Learned a level 3 spell: Portal Projectile
  5914 | D:6      | Reached **** piety under Okawaru
  5914 | D:6      | Reached skill level 5 in Bows
  5914 | D:6      | Reached skill level 1 in Invocations
  5961 | D:7      | Found a deep blue altar of Sif Muna.
  6304 | D:7      | Found a white marble altar of Elyvilon.
  6362 | D:7      | Received a gift from Okawaru
  7572 | D:8      | Reached skill level 5 in Invocations
  7948 | D:8      | Reached ***** piety under Okawaru
  7965 | D:8      | Reached XP level 10. HP: 80/101 MP: 13/13
  8062 | D:8      | Noticed Pikel
  8071 | D:8      | Killed Pikel
  8258 | D:8      | Received a gift from Okawaru
  8461 | D:8      | Noticed Joseph
  8591 | D:8      | Killed Joseph
  8917 | D:8      | Found a sacrificial altar of Ru.
  9416 | D:9      | Found a staircase to the Lair.
  9851 | D:9      | Reached skill level 10 in Bows
  9861 | D:9      | Cast into level 1 of the Abyss (orc)
  9861 | Abyss:1  | Found a corrupted altar of Lugonu.
 10106 | Abyss:1  | Noticed a smoke demon
 10111 | Abyss:1  | Noticed a balrug
 10114 | Abyss:1  | Noticed a sun demon
 10116 | Abyss:1  | HP: 4/101 [balrug/divine providence (9)]
 10118 | Abyss:1  | HP: 1/101 [white imp (3)]
 10119 | Abyss:1  | Killed from afar by a smoke demon

Vault maps used:
D:1:      minmay_arrival_open_corners
D:2:      chequers_ecumenical_altar_twisty, kennysheep_okawaru_gauntlet
D:3:      first_ration, minmay_misc_feat_tiny, hex_tiny
D:4:      uniq_grinder, uniq_ijyb, uniq_robin, uniq_blork_the_orc,
          uniq_crazy_yiuf_cottage
D:5:      serial_shops, shop_fountains, kennysheep_generic_room_11
D:6:      chequers_temple_overflow_statue_of_worship, temple_statues,
          uniq_eustachio, uniq_duvessa
D:7:      lemuel_coloured_pillars_altar, lemuel_crystal_altar
D:8:      grunt_livestock, minmay_misc_feat_cross,
          nicolae_ru_sacrificial_ziggurat, uniq_joseph, uniq_pikel
D:9:      david_lair_shrubbed
Temple:   compressed_dpeg_circular_temple

Skill      XL: |  1  2  3  4  5  6  7  8  9 10 |
---------------+-------------------------------+-----
Fighting       | 4 5 6 8 9 12 13 | 13.1
Bows           | 4 7 10 | 10.2
Invocations    | 5 8 |  8.3
Long Blades    | |  2.4
Armour         | |  3.6
Shields        | |  3.6

Action                   |  1- 3 |  4- 6 |  7- 9 | 10-12 || total
-------------------------+-------+-------+-------+-------++-------
Melee: Long sword        |    52 |       |       |       ||    52
       Headbutt          |    12 |    30 |    64 |    34 ||   140
       Short sword       |    42 |   223 |    60 |       ||   325
       Halberd           |       |    15 |       |       ||    15
       Rapier            |       |       |   251 |   169 ||   420
Invok: Heroism           |       |       |     3 |     1 ||     4
  Eat: Chunk             |     2 |     7 |    11 |     8 ||    28
       Ration            |       |       |     1 |     1 ||     2
Armor: Scale mail        |    34 |    77 |    86 |       ||   197
       Chain mail        |       |       |    72 |    99 ||   171
Dodge: Dodged            |    35 |    44 |    72 |    34 ||   185
Block: Shield            |    49 |    76 |   158 |    88 ||   371
       Rpst.: Long sword |     8 |       |       |       ||     8

Table legend:
 A = Spawn XP
 B = Non-spawn XP
 C = Spawn XP percentage of total XP
 D = Spawn monster count
 E = Non-spawn monster count
 F = Spawn count percentage of total count
 G = Total turns spent on level
                    A         B        C        D         E        F      G
               +---------+---------+-------+---------+---------+-------+---------
         Total |     214 |    9757 |   2.1 |       2 |     219 |   0.9 | 10119
               +---------+---------+-------+---------+---------+-------+---------
           D:1 |       0 |      43 |   0.0 |       0 |      22 |   0.0 |   794
           D:2 |       0 |     125 |   0.0 |       0 |      24 |   0.0 |  1453
           D:3 |       0 |     124 |   0.0 |       0 |      26 |   0.0 |   710
           D:4 |       0 |     988 |   0.0 |       0 |      34 |   0.0 |  1506
           D:5 |       0 |    1084 |   0.0 |       0 |      21 |   0.0 |   590
           D:6 |       0 |     813 |   0.0 |       0 |      12 |   0.0 |   710
           D:7 |       0 |    1597 |   0.0 |       0 |      30 |   0.0 |  1760
           D:8 |       0 |    2878 |   0.0 |       0 |      26 |   0.0 |  1555
           D:9 |       0 |    2105 |   0.0 |       0 |      24 |   0.0 |   635
       Abyss:1 |     214 |       0 | 100.0 |       2 |       0 | 100.0 |   258
               +---------+---------+-------+---------+---------+-------+---------
